 Dungeon Crawl Stone Soup version 0.30.2 (webtiles) character file.

Game seed: 2624808119979456920

5722 porpoise the Skirmisher (level 11, -1/75 HPs)
             Began as a Human Hunter on Apr 8, 2024.
             Was a Priest of Hepliaklqana.
             Killed from afar by Lodul (36 damage)
             ... with a bolt of lightning
             ... on level 10 of the Dungeon.
             The game lasted 00:19:10 (8525 turns).

porpoise the Skirmisher (Human Hunter)              Turns: 8525, Time: 00:19:11

Health: -1/75      AC:  6    Str: 11    XL:     11   Next: 5%
Magic:  13/13      EV: 19    Int: 10    God:    Hepliaklqana [***...]
Gold:   577        SH:  0    Dex: 21    Spells: 10/10 levels left

rFire   + . .        a - +1 shortbow
rCold   + . .        (shield currently unavailable)
rNeg    . . .        c - +0 leather armour
rPois   .            (no helmet)
rElec   .            L - scarf {rC+ rF+}
rCorr   .            E - +1 pair of gloves
SInv    .            R - +0 pair of boots
Will    +....        u - amulet of regeneration
Stlth   +++          f - ring of willpower
HPRegen 1.12/turn    A - +5 ring of evasion
MPRegen 0.13/turn

%: no passive effects
@: no status effects
A: reduced essence
a: Renounce Religion, Recall Ancestor, Ancestor Identity, Transference


You were on level 10 of the Dungeon.
You worshipped Hepliaklqana.
Hepliaklqana was most pleased with you.
You visited 1 branch of the dungeon, and saw 10 of its levels.

You collected 577 gold pieces.

Inventory:

Hand Weapons
 a - a +1 shortbow (weapon)
 b - a +2 short sword of venom
 y - a +3 dagger
 B - the +1 trident "Ruaqir" {antimagic, Str+3}
   (You found it on level 5 of the Dungeon)

   Str:       It affects your strength (+3).
 D - the +2 glaive of the Thirsty Servitors {freeze, rPois Dex+2}
   (You found it on level 5 of the Dungeon)

   Dex:       It affects your dexterity (+2).
   rPois:     It protects you from poison.
Missiles
 p - 5 javelins
 I - 15 poisoned darts
 J - a curare-tipped dart
Armour
 c - a +0 leather armour (worn)
 E - a +1 pair of gloves (worn)
 L - a scarf of resistance (worn)
 R - a +0 pair of boots (worn)
 W - +0 steam dragon scales
Jewellery
 f - a ring of willpower (left hand)
 m - a ring of fire
 u - an amulet of regeneration (around neck)
 A - a +5 ring of evasion (right hand)
 F - a ring of see invisible
 H - a +6 ring of strength
Wands
 e - a wand of roots (8)
 i - a wand of acid (7)
 j - a wand of charming (13)
 K - a wand of flame (25)
 Q - a wand of polymorph (7)
 T - a wand of digging (5)
Scrolls
 g - a scroll of fog
 k - a scroll of enchant weapon
 l - 5 scrolls of immolation
 o - a scroll of enchant armour
 r - 4 scrolls of teleportation
 v - 3 scrolls of vulnerability
 x - a scroll of noise
 G - a scroll of amnesia {unknown}
 M - a scroll of fear {unknown}
 N - a scroll of blinking {unknown}
 S - a scroll of silence {unknown}
 X - a scroll of magic mapping {unknown}
Potions
 d - a potion of heal wounds
 h - 3 potions of might
 n - a potion of lignification
 q - 4 potions of mutation
 s - 3 potions of attraction
 t - 2 potions of brilliance
 w - a potion of magic
 z - 2 potions of ambrosia {unknown}
 C - 3 potions of resistance
 O - a potion of flight {unknown}
 P - 2 potions of haste {unknown}
 U - a potion of curing {unknown}
Miscellaneous
 V - a box of beasts


   Skills:
 - Level 7.0 Fighting
 * Level 11.9 Ranged Weapons
 + Level 2.9 Armour
 - Level 5.0 Dodging
 - Level 5.0 Stealth
 - Level 3.0 Invocations
 + Level 3.9 Evocations


You had 10 spell levels left.
You didn't know any spells.
Your spell library contained the following spells:

 Spells                   Type           Power      Damage    Failure   Level
 Magic Dart               Conj           0%         1d3       43%         1
 Sandblast                Erth           0%         2d4       43%         1
 Passwall                 Tmut/Erth      0%         N/A       58%         2
 Searing Ray              Conj           0%         2d4       58%         2
 Ignite Poison            Fire/Tmut/Pois 0%         N/A       82%         3
 Stone Arrow              Conj/Erth      0%         3d7       82%         3
 Animate Dead             Necr           0%         N/A       99%         4
 Fulminant Prism          Conj/Hex       0%         3d5       99%         4
 Olgreb's Toxic Radiance  Pois           0%         N/A       99%         4
 Sticky Flame             Conj/Fire      0%         2d3       99%         4
 Borgnjor's Vile Clutch   Necr/Erth      0%         N/A       100%        5
 Death Channel            Necr           0%         N/A       100%        6
 Discord                  Hex            0%         N/A       100%        8
 Ignition                 Fire           0%         3d3       100%        8


Dungeon Overview and Level Annotations

Branches:
Dungeon (10/15)            Temple (0/1) D:4            Lair (0/5) D:8
    Orc (0/2) D:10

Altars:
Cheibriados
Fedhas
Gozag
Hepliaklqana
Makhleb
Okawaru
Qazlal
Vehumet
Wu Jian
Xom
Yredelemnul
Zin

Annotations:
D:4 exclusion: oklob plant
D:7 4 runed translucent doors, ChrisAssaf's ghost, novice GnEE; Crazy Yiuf
D:10 Lodul


Message History

You kill the ogre!
No target in view!
No target in view!
You swap places.
A shadow comes into view.
The shadow slips into darkness.
The shadow flickers and vanishes!
You shoot an arrow. The arrow hits the ogre!
The ogre is moderately wounded.
Lodul the Thundrous comes into view.
He is wielding a +1 dire flail of draining.
You shoot an arrow. The arrow hits the ogre!
The ogre is heavily wounded.
The ogre hits you with a +0 giant spiked club!
You shoot an arrow. The arrow barely misses the ogre.
The ogre hits you with a +0 giant spiked club!!
You are too injured to fight recklessly!
You are too injured to fight recklessly!
You are too injured to fight recklessly!
Electricity crackles from Lodul's apparatus.
The bolt of lightning hits you!!
* * * LOW HITPOINT WARNING * * *
The ogre hits Nikki with a +0 giant club!
Nikki hits the ogre with a +0 flail!
The ogre dies!
Unknown command.
You are too injured to fight recklessly!
You are too injured to fight recklessly!
Unknown command.
You are too injured to fight recklessly!
Unknown command.
You feel much better.
Nikki hits the ogre with a +0 flail.
Okay, then.
Fire: a) +1 shortbow
Press: ? - help, Q - select action, (/) - cycle Shift-Dir - straight line, f - ogre
Aim: an ogre, wielding a +0 giant club (lightly wounded, ally target, 81% to hit)
You shoot an arrow. The arrow hits the ogre.
The ogre is moderately wounded.
Electricity crackles from Lodul's apparatus.
The bolt of lightning hits you!!!
You die...

..8.....# ........#
.
.....#.########.##
...#+#........#..##
...#..##########{.
.. #...## ###O# .
#....## ##.#)#
###...<.####..RO#
.........'......@#
.........####...##
#.......## ##.##
##.....## #.#.#
##...## #.# #.#
##+# #.# #.. ## ##.


You could see the friendly Nikki the knight, Lodul and an ogre (ally target).

Vanquished Creatures
  2 humans (D:9)
  A steam dragon (D:9)
  A two-headed ogre zombie (D:10)
  4 water moccasins
  An ice beast (D:5)
  An orc warrior (D:7)
  3 black bears
  2 sky beasts
  2 ogres (D:10)
  2 centaurs
  2 phantoms
  A kobold brigand (D:7)
  4 bullfrogs
  2 scorpions
  5 wights (D:9)
  A troll zombie (D:10)
  4 orc priests
  5 jellies
  3 hounds
  A gnoll bouda (D:8)
  A sleepcap (D:7)
  2 orc wizards
  3 ogre zombies (D:10)
  2 gnolls (D:8)
  9 adders
  A white imp (D:7)
  A worm (D:5)
  4 dart slugs
  12 orcs
  7 endoplasms
  3 giant cockroaches
  11 goblins
  8 hobgoblins
  3 jackals (D:4)
  8 kobolds
  6 quokkas
  6 ball pythons
  5 bats
  5 frilled lizards
  A goblin zombie (D:10)
  A hobgoblin skeleton (D:10)
  3 hobgoblin zombies (D:10)
  An orc skeleton (D:10)
  13 orc zombies (D:10)
  5 rats
168 creatures vanquished.

Vanquished Creatures (collateral kills)
  A komodo dragon (D:8)
  A shadow (D:10)
  5 yaks (D:9)
  A wyvern (D:8)
  Menkaure (D:7)
  2 orc warriors
  A sky beast (D:8)
  An ogre (D:10)
  2 bullfrogs (D:8)
  A scorpion (D:5)
  3 wights (D:9)
  An orc wizard (D:9)
  3 ogre zombies (D:10)
  A gnoll (D:8)
  4 orcs
  A hobgoblin (D:7)
  2 kobolds (D:7)
  A goblin skeleton (D:10)
  3 hobgoblin zombies (D:10)
  An orc zombie (D:10)
36 creatures vanquished.

Grand Total: 204 creatures vanquished

Notes
Turn   | Place    | Note
-------+----------+-------------------------------------------
     0 | D:1      | porpoise the Human Hunter began the quest for the Orb.
     0 | D:1      | Reached XP level 1. HP: 16/16 MP: 1/1
   119 | D:1      | Reached XP level 2. HP: 22/22 MP: 2/2
   487 | D:1      | Reached XP level 3. HP: 28/28 MP: 3/3
  1051 | D:2      | Reached XP level 4. HP: 34/34 MP: 4/4
  1396 | D:2      | Found a faded altar of an unknown god.
  1413 | D:2      | Reached skill level 5 in Ranged Weapons
  2186 | D:3      | Reached XP level 5. HP: 41/41 MP: 5/5
  2372 | D:4      | Noticed a black bear
  2382 | D:4      | Killed a black bear
  2383 | D:4      | Reached XP level 6. HP: 21/47 MP: 6/6
  2513 | D:4      | Found an opulent altar of Gozag.
  2513 | D:4      | Found a hazy altar of Hepliaklqana.
  2513 | D:4      | Found a basalt altar of Yredelemnul.
  2552 | D:4      | Became a worshipper of Hepliaklqana the Forgotten
  2636 | D:4      | Found a staircase to the Ecumenical Temple.
  2818 | D:4      | Reached skill level 6 in Ranged Weapons
  3011 | D:4      | Found a blossoming altar of Fedhas.
  3032 | D:4      | Noticed an oklob plant
  3510 | D:5      | Entered Level 5 of the Dungeon
  3585 | D:5      | Identified the +1 trident "Ruaqir" {antimagic, Str+3}
  3653 | D:5      | Reached XP level 7. HP: 53/53 MP: 7/7
  3901 | D:5      | Found a stormy altar of Qazlal.
  3903 | D:5      | Reached * piety under Hepliaklqana
  4226 | D:5      | Reached skill level 7 in Ranged Weapons
  4239 | D:5      | Identified the +2 glaive of the Thirsty Servitors {freeze,
                  | rPois Dex+2}
  4247 | D:5      | Reached XP level 8. HP: 41/54 MP: 8/8
  4468 | D:6      | Found a shimmering altar of Xom.
  4701 | D:6      | Found a snail-covered altar of Cheibriados.
  4815 | D:6      | Reached skill level 5 in Stealth
  4837 | D:6      | Reached ** piety under Hepliaklqana
  4838 | D:6      | Remembered your ancestor Nikki as a knight
  5060 | D:7      | Noticed Menkaure
  5065 | D:7      | Killed Menkaure
  5066 | D:7      | Reached skill level 5 in Fighting
  5066 | D:7      | Reached skill level 8 in Ranged Weapons
  5066 | D:7      | Reached skill level 1 in Invocations
  5207 | D:7      | Found a radiant altar of Vehumet.
  5309 | D:7      | Found a runed translucent gate.
  5309 | D:7      | Found a runed translucent gate.
  5309 | D:7      | Found a runed translucent gate.
  5310 | D:7      | Noticed ChrisAssaf's ghost (novice GnEE)
  5350 | D:7      | Reached XP level 9. HP: 61/61 MP: 10/10
  5772 | D:7      | Found a runed translucent door.
  5773 | D:7      | Noticed Crazy Yiuf
  5977 | D:8      | Found an ornate altar of the Wu Jian Council.
  6107 | D:8      | Reached skill level 9 in Ranged Weapons
  6485 | D:8      | Noticed a komodo dragon
  6494 | D:8      | Killed a komodo dragon
  6495 | D:8      | Reached skill level 10 in Ranged Weapons
  6495 | D:8      | Reached XP level 10. HP: 69/69 MP: 12/12
  6631 | D:8      | Found a staircase to the Lair.
  6837 | D:8      | Found a glowing silver altar of Zin.
  7055 | D:9      | Reached *** piety under Hepliaklqana
  7075 | D:9      | Reached skill level 1 in Evocations
  7085 | D:9      | Found a burning altar of Makhleb.
  7250 | D:9      | Reached skill level 11 in Ranged Weapons
  7254 | D:9      | Reached skill level 5 in Dodging
  7420 | D:9      | Reached skill level 1 in Armour
  7826 | D:9      | Found an iron altar of Okawaru.
  8196 | D:10     | Entered Level 10 of the Dungeon
  8457 | D:10     | Reached XP level 11. HP: 75/75 MP: 13/13
  8479 | D:10     | Found a staircase to the Orcish Mines.
  8519 | D:10     | Noticed Lodul
  8525 | D:10     | Killed from afar by Lodul

Illustrated notes

Levels and vault maps discovered:
D:1:      amcnicky_arrival_flooded_fountain, layout_rooms, minivault_5,
          nicolae_concentric_dashed_squares_wild
D:2:      cheibrodos_helix_gallery, layout_loops_ring,
          hellmonk_ecumenical_altar_inner_sanctum
D:3:      layout_basic
D:4:      layout_basic, tgw_fedhas, grunt_temple_overflow_open,
          minmay_temple_entry_offerings, chequers_serial_rivers_small_b
D:5:      layout_basic, nicolae_overflow_hidden_temple
D:6:      layout_basic, xom_teletrap_fun, cheibriados_altar_1
D:7:      layout_basic, vehumet_altar_wand_db, ebering_ghost_rock_garden,
          uniq_menkaure, uniq_crazy_yiuf_cottage
D:8:      layout_loops_ring, lemuel_coloured_pillars_altar,
          nicolae_wu_jian_wuxing_cycle, due_lair_maze_entry_diamond
D:9:      layout_basic, mainiacjoe_overflow_tiny_flanked, okawaru_humans
D:10:     gammafunk_indiana_jones, layout_loops_corners, elyvilon_altar_1,
          zombieorc2_lemuel, serial_co_window_serial, co_window_paths_b,
          co_window_paths_a, co_window_paths_a, co_window_paths_a,
          co_window_cross_1, co_window_of_opportunity_a, co_window_paths_a,
          co_window_corner_ca, co_window_2corner, co_window_broadway_c,
          co_window_2corner, co_window_corner_cb, co_window_of_opportunity_b,
          minmay_stone_trees_small, uniq_lodul

Skill      XL: |  1  2  3  4  5  6  7  8  9 10 |
---------------+-------------------------------+-----
Stealth        | 2 3 4 5 |  5.0
Ranged Weapons | 5 6 7 8 10 11 | 11.9
Fighting       | 3 4 5 6 7 |  7.0
Invocations    | 2 3 |  3.0
Dodging        | 4 5 |  5.0
Evocations     | 3 |  3.9
Armour         | 2 |  2.9

Action                     |  1- 3 |  4- 6 |  7- 9 | 10-12 || total
---------------------------+-------+-------+-------+-------++-------
   Fire: Shortbow          |   112 |   156 |   184 |   261 ||   713
 Invoke: Ancestor Identity |       |       |     1 |       ||     1
         Ancestor Life: Kn |       |       |     1 |       ||     1
    Use: Scroll            |     2 |     8 |     2 |     3 ||    15
         Potion            |       |       |       |     1 ||     1
 Armour: Leather armour    |    11 |    19 |     5 |    15 ||    50
  Dodge: Dodged            |    50 |    63 |    25 |    42 ||   180
